 Dungeon Crawl Stone Soup version 0.29-a0-96-g93358da72b (webtiles) character file.

Game seed: 8533942369882356059

58 hashsling the Vexing (level 3, 18/18 HPs)
             Began as a Spriggan Arcane Marksman on Feb 2, 2022.
             Quit the game on level 2 of the Dungeon on Feb 12, 2022.
             The game lasted 00:07:03 (1790 turns).

hashsling the Vexing (Spriggan Arcane Marksman)     Turns: 1790, Time: 00:07:03

Health: 18/18      AC:  2    Str: 12    XL:     3   Next: 75%
Magic:  7/7        EV: 18    Int: 14    God:
Gold:   102        SH:  0    Dex: 17    Spells: 5/6 levels left

rFire   . . .      SeeInvis +   a - +0 shortbow
rCold   . . .      Faith    .   (shield currently unavailable)
rNeg    . . .      Spirit   .   d - +0 robe
rPois   .          Reflect  .   (helmet restricted)
rElec   .          Harm     .   (no cloak)
rCorr   .          Rampage  .   (gloves unavailable)
Will    .....                   (boots unavailable)
Stlth   ++........              h - amulet of regeneration
HPRegen 0.86/turn               l - +6 ring of strength
MPRegen 0.10/turn               (no ring)

@: very quick
A: very small, no large weapons, unfitting armour, see invisible, speed 3
a: no special abilities


You were on level 2 of the Dungeon.
You visited 1 branch of the dungeon, and saw 2 of its levels.

You collected 102 gold pieces.

Inventory:

Hand Weapons
 a - a +0 shortbow (weapon)
 b - a +0 dagger
 m - a +0 club
Missiles
 c - 22 arrows (quivered ammo)
Armour
 d - a +0 robe (worn)
Jewellery
 h - an amulet of regeneration (around neck)
 l - a +6 ring of strength (left hand)
Scrolls
 g - a scroll of amnesia {unknown}
 i - 2 scrolls of identify {unknown}
Potions
 e - a potion of curing {unknown}
 f - a potion of degeneration {unknown}
 j - a potion of flight {unknown}
 k - a potion of haste {unknown}


   Skills:
 - Level 1.0 Fighting
 + Level 1.0 Short Blades
 * Level 3.4 Bows
 + Level 3.4 Dodging
 + Level 2.2 Spellcasting
 + Level 4.0 Hexes


You had 5 spell levels left.
You knew the following spells:

 Your Spells              Type           Power      Damage    Failure   Level
a - Slow                  Hex            48%        N/A       4%          1

Your spell library contained the following spells:

 Spells                   Type           Power      Damage    Failure   Level
 Inner Flame              Hex/Fire       7%         N/A       30%         3
 Portal Projectile        Hex/Tloc       14%        N/A       30%         3
 Cause Fear               Hex            6%         N/A       41%         4


Dungeon Overview and Level Annotations

Branches:
Dungeon (2/15)

Altars:


Innate Abilities, Weirdness & Mutations

You are very small and have problems with some larger weapons.
You are too small for most types of armour.
You have supernaturally acute eyesight. (SInv)
You cover ground extremely quickly. (Speed+++)


Message History

c - 4 arrows (gained 1)
Things that are here:
a +0 hunting sling; a +0 club; 20 stones
c - 7 arrows (gained 3)
c - 9 arrows (gained 2)
c - 11 arrows (gained 2)
c - 13 arrows (gained 2)
Things that are here:
a +0 club; a goblin corpse
c - 14 arrows (gained 1)
c - 15 arrows (gained 1)
Items here: ) [[ †.
Things that are here:
a +0 club; a goblin corpse
Things that are here:
a +0 hunting sling; a +0 club; 20 stones You see here a hobgoblin corpse.
Things that are here:
a +0 dagger; a goblin corpse
c - 17 arrows (gained 2)
Things that are here:
a +0 dagger; a +0 club; a goblin corpse
c - 20 arrows (gained 3)
There is an open door, spattered with blood here.
You see here a hobgoblin corpse.
You see here a +0 ring mail.
Found an escape hatch in the ceiling.
c - 21 arrows (gained 1)
You see here a +0 club.
c - 22 arrows (gained 1)
An adder comes into view.
You see here an arrow.
Are you sure you want to abandon this character and quit the game? (Confirm with "yes".)
Okay, then.
Saving game... please wait.
Welcome back, hashsling the Spriggan Arcane Marksman.
Press ? for a list of commands and other information.
Unknown command.
Unknown command.
Are you sure you want to abandon this character and quit the game? (Confirm with "yes".)

... #########..
#.................
#.......!#........
#........#........
#........#........
##........#........
.....(.@..#........
..........#........
..........#........
S................<.
####
....####†..........
#... ....
#..)######## #..)
### #...# #...
#...# #... #...#
#...


You could see an adder (asleep).

Vanquished Creatures
  Robin (D:2)
  2 worms (D:2)
  A dart slug (D:2)
  A ball python (D:2)
  A bat (D:2)
  2 endoplasms (D:1)
  3 giant cockroaches (D:1)
  10 goblins
  5 hobgoblins
  A quokka (D:1)
  A frilled lizard (D:2)
  3 kobolds
  4 rats (D:2)
35 creatures vanquished.

Notes
Turn   | Place    | Note
-------+----------+-------------------------------------------
     0 | D:1      | hashsling the Spriggan Arcane Marksman began the quest for
                  | the Orb.
     0 | D:1      | Reached XP level 1. HP: 9/9 MP: 3/3
   247 | D:1      | Reached skill level 1 in Fighting
   367 | D:1      | Reached XP level 2. HP: 14/14 MP: 5/5
   978 | D:1      | Found a faded altar of an unknown god.
  1540 | D:2      | Reached XP level 3. HP: 18/18 MP: 5/7
  1614 | D:2      | Noticed Robin
  1643 | D:2      | Reached skill level 4 in Hexes
  1691 | D:2      | Killed Robin
  1692 | D:2      | Reached skill level 1 in Short Blades
  1790 | D:2      | Upgraded the game from 0.29-a0-40-g8eb35efe60 to
                  | 0.29-a0-96-g93358da72b
  1790 | D:2      | Quit the game

Illustrated notes

Levels and vault maps discovered:
D:1:      dpeg_arrival_lava_altar, layout_basic, nicolae_ecumenical_lake_church
D:2:      layout_basic, basic_altar, minmay_tromino_i4, uniq_crazy_yiuf_cottage,
          uniq_robin

Skill      XL: |  1  2  3 |
---------------+----------+-----
Fighting       | 1 |  1.0
Dodging        | 3 |  3.4
Bows           | 3 |  3.4
Spellcasting   | 2 |  2.2
Hexes          | 4 |  4.0
Short Blades   | 1 |  1.0

Action                   || total
-------------------------++-------
Melee: Dagger            ||    40
 Fire: Shortbow          ||   102
 Cast: Slow              ||    14
Armor: Robe              ||     9
Dodge: Dodged            ||    69

Table legend: (Time is in decaauts)
 A = Elapsed time spent in this place.
 B = Non-inter-level travel time spent in this place.
 C = Inter-level travel time spent in this place.
 D = Time resting spent in this place.
 E = Time spent auto-exploring this place.
 F = Levels seen in this place.
 G = Mean time per level.
                   A        B        C        D        E       F      G
               +--------+--------+--------+--------+--------+-----+--------+
         Total |   1324 |   1308 |     16 |      8 |    998 |   2 |  662.0 |
       Dungeon |   1324 |   1308 |     16 |      8 |    998 |   2 |  662.0 |
               +--------+--------+--------+--------+--------+-----+--------+

Top non-repeatable levels by time:
     D:1: 867 daAuts
     D:2: 457 daAuts
